Unix NetHack Version 5.0.0-0 post-release - last build Jun 10 2026 00:39:30 (3ee93aec679c4c4259841fe613dc97188e26a321,branch:main).

Game began 2026-07-03 00:11:53, ended 2026-07-03 01:46:46.

Filamin, neutral female human Valkyrie

                      #
           -----------.----                        -------#     ---------
           |..............-#                       |....>|#     |......%|
           |..............|#          ------       |.|...|#     |.......|
          #-..............|#       ###..|...#######-.....|#     |..<....|
          #|..............|#          |....|       |.....|######-.......|
          #----------------%          |.a..|       |'....|      |......`|
          ##               ##         -@----       ---|-|-      --|------
           ###              ###        #                #      ####
             #                #        #                #      #
        -----#                #       ##                #     ##
        |...|#                ##      #                 #    ##
        |...|#                 #------.----          #########
        |...|#                 #|.........|         -.--|----------
        |....#                 #-.........|         |.............|
        -----                   |.........|         |(............|
                                |.........|         |.............|
                                |.........|         ---------------
                                -----------

Filamin the Fighter         St:15 Dx:11 Co:17 In:9 Wi:9 Ch:10  Neutral
Dlvl:6  $:0  HP:0(52) Pw:18(18) AC:-8 Xp:6 T:3383 

Latest messages:
 You hit the giant beetle.
 You miss the giant beetle.
 You hit the giant beetle.
 You hit the giant beetle.
 You hit the giant beetle.
 The giant beetle just misses!
 You hit the giant beetle.
 The giant beetle misses!
 You hit the giant beetle.
 You miss the giant beetle.
 You miss the giant beetle.
 The giant beetle bites!
 You hit the giant beetle.
 The giant beetle bites!
 You hit the giant beetle.
 The giant beetle bites!
 You hit the giant beetle.
 The giant beetle misses!
 You hit the giant beetle.
 The giant beetle just misses!
 You hit the giant beetle.
 You hit the giant beetle.
 You miss the giant beetle.
 You hit the giant beetle.
 You hit the giant beetle.
 The giant beetle misses!
 You miss the giant beetle.
 The giant beetle just misses!
 You miss the giant beetle.
 The giant beetle misses!
 You hit the dwarf zombie.
 You miss the dwarf zombie.
 You hit the dwarf zombie.
 The dwarf zombie just misses!
 You hit the dwarf zombie.
 You miss the dwarf zombie.
 You hit the dwarf zombie.
 The dwarf zombie hits!
 You hit the dwarf zombie.
 The dwarf zombie misses!
 You destroy the dwarf zombie!
 The giant beetle bites!
 You miss the giant beetle.
 The giant beetle bites!
 You die...
 Do you want your possessions identified? [ynq] (y) y
 Do you want to see your attributes? [ynq] (y) y
 Do you want an account of creatures vanquished? [ynaq] (y) y
 Do you want to see your conduct and achievements? [ynq] (y) y
 Do you want to see the dungeon overview? [ynq] (y) y

Inventory:
 Weapons  (')')
  b - a +0 dagger (weapon in right hand)
 Armor    ('[')
  z - a cursed +2 pair of leather gloves (being worn)
  B - a cursed -1 pair of leather gloves
  t - an uncursed +5 pair of kicking boots (being worn)
  c - a blessed +3 small shield (being worn)
  A - a cursed +2 elven cloak (being worn)
  i - a cursed -1 studded leather armor (being worn)
 Comestibles  ('%')
  d - 11 uncursed food rations
 Tools    ('(')
  R - an expensive camera (0:87)
  g - an uncursed mirror
  n - an uncursed oil lamp
  x - a +0 pick-axe
  e - an uncursed tin opener

Filamin the Valkyrie's attributes:

Background:
 You were a Fighter, a level 6 human Valkyrie.
 You were neutral, on a mission for Odin
 who was opposed by Tyr (lawful) and Loki (chaotic).
 You were right-handed.
 You were in the Dungeons of Doom, on level 6.
 You entered the dungeon 3383 turns ago.
 It was nighttime.
 You had 568 experience points, 72 more were needed to attain level 7.

Basics:
 You had 0 out of 52 hit points.
 You had all 18 energy points (spell power).
 Your armor class was -8.
 Your wallet was empty.
 Autopickup was off.

Final Characteristics:
 Your strength was 15 (peak:18/02, limit:18/100).
 Your dexterity was 11 (limit:18).
 Your constitution was 17 (limit:18).
 Your intelligence was 9 (limit:18).
 Your wisdom was 9 (limit:18).
 Your charisma was 10 (limit:18).

Final Status:
 You weren't hungry.
 You were unencumbered.
 You were wielding a dagger.
 You had basic skill with dagger.

Final Attributes:
 You were piously aligned.
 You were cold resistant.
 You were level-drain resistant.
 You were stealthy.
 You were warded.
 You were a wererat.
 You were harmed by silver.
 You are dead.

Miscellaneous:
 You encountered 1 bones level.
 Total elapsed playing time was 1 hour, 32 minutes and 35 seconds.

Major events:
 Turn
    1: Filamin the neutral human Valkyrie entered the dungeon
  809: attained the rank of Skirmisher (level 3)
 1439: found Trollsbane carried by a monster
 1444: found Ogresmasher carried by a monster
 2110: attained the rank of Fighter (level 6)
 3383: killed by a giant beetle

You didn't know any spells.

Skills:
 Fighting Skills
   bare handed combat [Unskilled]
   two weapon combat  [Unskilled]
   riding             [Unskilled]
 Weapon Skills
   dagger             [Basic]
   axe                [Unskilled]
   pick-axe           [Unskilled]
   short sword        [Unskilled]
   broadsword         [Unskilled]
   long sword         [Unskilled]
   two-handed sword   [Unskilled]
   saber              [Unskilled]
   hammer             [Unskilled]
   quarterstaff       [Unskilled]
   polearms           [Unskilled]
   spear              [Basic]
   trident            [Unskilled]
   lance              [Unskilled]
   sling              [Unskilled]
 Spellcasting Skills
   attack spells      [Unskilled]
   escape spells      [Unskilled]

Voluntary challenges:
 Character rerolling was not enabled.
 You were illiterate.
 You never genocided any monsters.
 You never polymorphed an object.
 You never changed form.
 You used no wishes.
Achievements:
 You attained the rank of Skirmisher.
 You entered a shop.
 You attained the rank of Fighter.

 The Dungeons of Doom: levels 1 to 7
    Level 1:
       Many altars, some fountains.
    Level 2:
    Level 3:
       A potion shop, a fountain.
    Level 4:
       An altar to Odin, a grave.
       Final resting place for
          h2g2-Ran-Elf-Fem-Cha, killed by a giant rat,
          needler-Tou-Hum-Mal-Neu, killed by a wererat.
    Level 5:
    Level 6: <- You were here.
       Some graves.
       Final resting place for
          you, killed by a giant beetle.
    Level 7:


Vanquished creatures:
  2 ghosts
  a lizard
  a gnome mummy
 an imp
  a wood nymph
  2 Uruk-hai
  a rock piercer
  a yellow light
  a shrieker
  a gnome leader
  a kobold mummy
  a gray ooze
  a straw golem
  a paper golem
  2 giant ants
  a floating eye
  a dwarf
  a homunculus
  a kobold leader
  3 rabid rats
  a centipede
  4 dwarf zombies
  3 wererats
 an iguana
 an acid blob
  4 coyotes
  2 gas spores
  a manes
  2 giant rats
  2 cave spiders
  a brown mold
  2 green molds
  2 geckos
  5 jackals
  a kobold
  3 sewer rats
  a grid bug
  6 lichens
  a kobold zombie
  7 newts
75 creatures vanquished.

No species were genocided or became extinct.

Game over:
                       ----------
                      /          \
                     /    REST    \
                    /      IN      \
                   /     PEACE      \
                  /                  \
                  |     Filamin      |
                  |       0 Au       |
                  |   killed by a    |
                  |   giant beetle   |
                  |                  |
                  |                  |
                  |       2026       |
                 *|     *  *  *      | *
        _________)/\\_//(\/(/\)/\//\/|_)_______

Farvel Filamin the Valkyrie...

You died in The Dungeons of Doom on dungeon level 6 with 2572 points,
and 0 pieces of gold, after 3383 moves.
You were level 6 with a maximum of 52 hit points when you died.

